 Dungeon Crawl Stone Soup version 0.14-a0-2810-g474977d (webtiles) character file.

265 Michaellaneous the Ruinous (level 4, 0/24 HPs)
             Began as a Deep Elf Venom Mage on Feb 25, 2014.
             Was an Initiate of Sif Muna.
             Succumbed to an adder's poison
             ... on Level 2 of the Dungeon.
             The game lasted 00:11:48 (2198 turns).

Michaellaneous the Ruinous (Deep Elf Venom Mage)    Turns: 2198, Time: 00:11:48

HP   0/24        AC  2     Str  5      XL: 4   Next: 91%
MP  12/13        EV 13     Int 21      God: Sif Muna [......]
Gold 134         SH  0     Dex 15      Spells:  1 memorised,  8 levels left

rFire  . . .     SeeInvis .     n - +0 club
rCold  . . .     Clarity  .     a - +0 elf robe
rNeg   . . .     Conserve .     (no shield)
rPois  .         rCorr    .     (no helmet)
rElec  .         rRot     .     (no cloak)
SustAb . .       Spirit   .     (no gloves)
rMut   .         Warding  .     (no boots)
Saprov . . .     Stasis   .     (no amulet)
MR     .....                    (no ring)
                                (no ring)

@: mildly poisoned, not resistant to hostile enchantments, fairly stealthy
A: no striking features
a: Renounce Religion


You were on level 2 of the Dungeon.
You worshipped Sif Muna.
Sif Muna was noncommittal.
You were not hungry.

You visited 1 branch of the dungeon, and saw 2 of its levels.

You collected 134 gold pieces.

Inventory:

Hand weapons
 d - a +0,+0 hand axe
 h - a +0,+0 club
 n - a +0,+0 club (weapon)
Armour
 a - a +0 elven robe (worn)
 f - a +0 dwarven ring mail
 l - a +2 orcish scale mail
 p - a +2 robe of cold resistance
 q - a +1 orcish robe
Magical devices
 o - a wand of heal wounds (6) {unknown}
Comestibles
 c - a bread ration
Scrolls
 g - 3 scrolls of remove curse {unknown}
 j - 2 scrolls of enchant weapon I {unknown}
 k - a scroll of teleportation {unknown}
 m - 5 scrolls of identify {unknown}
Jewellery
 r - an uncursed ring of sustenance {unknown}
Potions
 e - a potion of restore abilities {unknown}
 i - a potion of speed {unknown}
 s - a potion of curing {unknown}
Books
 b - a Young Poisoner's Handbook

   Spells                             Type                      Level
   *Sting                             Conjuration/Poison           1
   Cure Poison                        Poison                       2
   Mephitic Cloud                     Conjuration/Poison/Air       3
   Olgreb's Toxic Radiance            Poison                       4
   Venom Bolt                         Conjuration/Poison           5


   Skills:
 - Level 2.4 Dodging
 - Level 2.4 Stealth
 - Level 3.0 Spellcasting
 * Level 4.9 Conjurations
 - Level 4.5 Poison Magic


You had 8 spell levels left.
You knew the following spells:

 Your Spells              Type           Power        Failure   Level  Hunger
a - Sting                 Conj/Pois      ###.         1%          1    None


Dungeon Overview and Level Annotations

Branches:
Dungeon (2/16)

Altars:
Sif Muna
Zin


Message History

Casting: Sting
Confirm with . or Enter, or press ? or * to list all spells.
Aiming: Sting
Press: ? - help, Shift-Dir - straight line, f/p - adder
Aim: an adder The sting hits the adder.
The adder is poisoned.
The adder is lightly wounded.
The adder bites you.
* * * LOW HITPOINT WARNING * * *
A quokka comes into view.
* * * LOW HITPOINT WARNING * * *
You feel sick.
Found a scroll labeled KHETHR FEISM.
The adder bites you.
* * * LOW HITPOINT WARNING * * *
The adder misses you.
* * * LOW HITPOINT WARNING * * *
You feel sick.
You feel a little better.
You die...

##### ....# ###.#
########## ..#.#
#........#
#.#.#######.....@..#
............%....S.#
#.#.#######.......)#
..#.# #........#
###.# #........# ..#
#........# ###
#........#
...........
......##r..#


You could see an adder and a quokka.

Vanquished Creatures
  Sigmund (D:2)
  Jessica (D:2)
  An adder (D:2)
  A giant mite (D:2)
  A giant cockroach (D:1)
  4 hobgoblins
  4 bats
  2 giant geckos (D:2)
  A giant newt (D:1)
  6 goblins
  2 kobolds
  5 rats
29 creatures vanquished.

Notes
Turn   | Place    | Note
--------------------------------------------------------------
     0 | D:1      | Michaellaneous, the Deep Elf Venom Mage, began the quest for the Orb.
     0 | D:1      | Reached XP level 1. HP: 10/10 MP: 5/5
   595 | D:1      | Reached skill level 1 in Conjurations
   610 | D:1      | Reached XP level 2. HP: 15/15 MP: 0/8
  1369 | D:2      | Noticed Jessica
  1376 | D:2      | Killed Jessica
  1376 | D:2      | Reached XP level 3. HP: 15/19 MP: 3/10
  1628 | D:2      | Noticed Sigmund
  1640 | D:2      | Killed Sigmund
  1640 | D:2      | Reached XP level 4. HP: 16/24 MP: 6/13
  1751 | D:2      | Found a deep blue altar of Sif Muna.
  1761 | D:2      | Became a worshipper of Sif Muna the Loreminder
  1976 | D:2      | Found a glowing silver altar of Zin.
  2196 | D:2      | HP: 1/24 [poisoned by an adder]
  2198 | D:2      | Succumbed to an adder's poison

Action                   |  1- 3 |  4- 6 || total
-------------------------+-------+-------++-------
Melee: Unarmed           |     9 |       ||     9
       Club              |     3 |    10 ||    13
 Cast: Sting             |    50 |     8 ||    58
